 Dungeon Crawl Stone Soup version 0.28-a0-631-g0446da8ef9 (console) character file.

Game seed: 14130498853566387470

385958 Gather the Scorcher (level 21, -9/161 HPs)
             Began as a Demigod Fire Elementalist on Sept 23, 2021.
             Killed by divine providence
             ... invoked by a living spell
             ... summoned by a walking divine tome
              (13 damage)
             ... in a wizard's laboratory on Oct 10, 2021.
             The game lasted 08:47:43 (96450 turns).

Gather the Scorcher (Demigod Fire Elementalist)    Turns: 96450, Time: 08:47:43

Health: -9/161     AC: 27    Str: 25    XL:     21   Next: 8%
Magic:  2/41       EV: 12    Int: 41    God:
Gold:   1005       SH: 16    Dex: 14    Spells: 3/40 levels left

rFire   . . .      SeeInvis +   a - +2 double sword (drain)
rCold   + . .      Faith    .   B - +0 kite shield of Kenigeaf {Will+ Str+4}
rNeg    . . .      Spirit   .   D - +0 ice dragon scales "Paacib" {rElec rPois rF- rC++ Will+ Slay+5}
rPois   +          Reflect  +   F - +2 hat {SInv}
rElec   +          Harm     .   O - +2 cloak {Stlth+}
rCorr   +          Rampage  +   L - +2 pair of gloves
Will    +++..                   Q - +2 pair of boots
Stlth   +++++.....              v - amulet "Jurenipp" {Reflect Rampage rCorr Int+4 SH+5}
HPRegen 0.36/turn               Y - ring of Doors {Fire Fly rElec Int+4 Dex-4}
MPRegen 0.27/turn               V - ring "Mugystrae" {Wiz Will- Str+4 Stlth+}

@: flying, very slightly contaminated
A: high mp 1, forlorn
}: 2/15 runes: serpentine, barnacled
a: no special abilities


You were in a wizard's laboratory.
You visited 7 branches of the dungeon, and saw 38 of its levels.
You also visited: Wizlab.

You collected 4313 gold pieces.
You spent 3308 gold pieces at shops.

Inventory:

Hand Weapons
 a - a +2 double sword of draining (weapon)
 b - a +3 dagger of freezing
Missiles
 A - 9 curare-tipped darts (quivered)
Armour
 B - the +0 kite shield of Kenigeaf (worn) {Will+ Str+4}
   (You found it on level 5 of the Dungeon)

   Str:       It affects your strength (+4).
   Will:      It increases your willpower.
 D - the +0 ice dragon scales "Paacib" (worn) {rElec rPois rF- rC++ Will+ Slay+5}
   (You found it on level 3 of the Elven Halls)

   Slay:      It affects your accuracy & damage with ranged weapons and melee
   (+5).
   rF:        It makes you vulnerable to fire.
   rC:        It greatly protects you from cold.
   rElec:     It insulates you from electricity.
   rPois:     It protects you from poison.
   Will:      It increases your willpower.
 F - a +2 hat of see invisible (worn)
 L - a +2 pair of gloves (worn)
 O - a +2 cloak of stealth (worn)
 Q - a +2 pair of boots (worn)
Jewellery
 v - the amulet "Jurenipp" (around neck) {Reflect Rampage rCorr Int+4 SH+5}
   (You found it on level 6 of the Lair of Beasts)

   [amulet of reflection]

   It reflects blocked missile attacks.
   Int:       It affects your intelligence (+4).
   rCorr:     It protects you from acid and corrosion.
   SH:        It affects your SH (+5).
   Rampage:   It bestows one free step when moving towards enemies.
 I - the ring "Cucs" {rF+ Int+6}
   (You found it on level 2 of the Elven Halls)

   [ring of protection from fire]

   Int:       It affects your intelligence (+6).
   rF:        It protects you from fire.
 V - the ring "Mugystrae" (right hand) {Wiz Will- Str+4 Stlth+}
   (You took it off a deep elf elementalist on level 3 of the Elven Halls)

   [ring of wizardry]

   It improves your spell success rate.
   Str:       It affects your strength (+4).
   Will:      It decreases your willpower.
   Stlth:     It makes you more stealthy.
 Y - the ring of Doors (left hand) {Fire Fly rElec Int+4 Dex-4}
   (You found it on level 2 of the Lair of Beasts)

   [ring of fire]

   It enhances your fire magic.
   Int:       It affects your intelligence (+4).
   Dex:       It affects your dexterity (-4).
   rF:        It protects you from fire.
   rC:        It makes you vulnerable to cold.
   rElec:     It insulates you from electricity.
   Fly:       It grants you flight.
Wands
 c - a wand of paralysis (21)
 e - a wand of acid (18)
 f - a wand of mindburst (23)
 w - a wand of digging (13)
 x - a wand of iceblast (19)
Scrolls
 d - 5 scrolls of blinking
 i - 14 scrolls of identify
 n - 8 scrolls of magic mapping
 p - 4 scrolls of immolation
 s - 13 scrolls of teleportation
 N - 5 scrolls of fog
 P - a scroll of summoning
 S - 3 scrolls of fear
 W - 3 scrolls of silence
Potions
 g - 14 potions of curing
 j - a potion of resistance
 q - 2 potions of heal wounds
 r - 6 potions of brilliance
 u - 4 potions of magic
 z - 10 potions of haste
 C - 10 potions of might
 G - 5 potions of lignification
 R - 5 potions of attraction
 T - 3 potions of cancellation
 X - 3 potions of mutation
Miscellaneous
 h - a lightning rod (2/4)
 l - a box of beasts
 m - a phantom mirror
 J - a phial of floods


   Skills:
 + Level 8.2 Fighting
 - Level 3.5(4.8) Short Blades
 + Level 4.9(5.4) Long Blades
 - Level 14.0 Armour
 + Level 7.3 Dodging
 + Level 10.1 Stealth
 + Level 10.0 Shields
 - Level 10.4 Spellcasting
 - Level 13.8 Conjurations
 + Level 18.7 Fire Magic
 + Level 18.3 Air Magic
 - Level 6.0 Evocations


You had 3 spell levels left.
You knew the following spells:

 Your Spells              Type           Power      Damage    Failure   Level
a - Airstrike             Air            53%        N/A       1%          4
b - Fireball              Conj/Fire      62%        3d24      1%          5
d - Conjure Ball Lightni  Conj/Air       50%        3x3d17    1%          6
i - Ignition              Fire           66%        3d18      8%          8
m - Maxwell's Capacitive  Air            53%        ∞         9%          8
q - Blink                 Tloc           N/A        N/A       4%          2
w - Flame Wave            Conj/Fire      100%       3d16      1%          4

Your spell library contained the following spells:

 Spells                   Type           Power      Damage    Failure   Level
 Foxfire                  Conj/Fire      100%       2x1d9     0%          1
 Shock                    Conj/Air       100%       1d9       0%          1
 Scorch                   Fire           100%       2d10      0%          2
 Static Discharge         Conj/Air       100%       N/A       0%          2
 Conjure Flame            Conj/Fire      100%       6-21      0%          3
 Dazzling Flash           Conj/Hex       100%       N/A       1%          3
 Inner Flame              Hex/Fire       99%        N/A       1%          3
 Stone Arrow              Conj/Erth      100%       3d13      1%          3
 Animate Skeleton         Necr           42%        N/A       2%          1
 Apportation              Tloc           42%        N/A       2%          1
 Freeze                   Ice            84%        1d10      2%          1
 Sandblast                Erth           42%        2d11      2%          1
 Summon Small Mammal      Summ           84%        N/A       2%          1
 Ensorcelled Hibernation  Hex/Ice        42%        N/A       4%          2
 Passwall                 Tmut/Erth      17%        N/A       4%          2
 Slow                     Hex            21%        N/A       4%          2
 Sublimation of Blood     Necr           10%        N/A       4%          2
 Call Canine Familiar     Summ           21%        N/A       8%          3
 Confusing Touch          Hex            21%        N/A       8%          3
 Frozen Ramparts          Ice            42%        1d6       8%          3
 Lesser Beckoning         Tloc           21%        N/A       8%          3
 Ozocubu's Armour         Ice            21%        N/A       8%          3
 Portal Projectile        Hex/Tloc       42%        N/A       8%          3
 Spider Form              Tmut/Pois      10%        N/A       8%          3
 Vampiric Draining        Necr           10%        2d7       8%          3
 Hailstorm                Conj/Ice       67%        3d14      1%          4
 Sticky Flame             Conj/Fire      100%       2d11      1%          4
 Summon Lightning Spire   Summ/Air       77%        N/A       1%          4
 Freezing Cloud           Conj/Ice/Air   41%        6-21      1%          5
 Iskenderun's Battlesphe  Conj           94%        2d14      1%          5
 Silence                  Hex/Air        38%        N/A       1%          5
 Irradiate                Conj/Tmut      33%        3d24      4%          5
 Orb of Destruction       Conj           47%        9d15      8%          7
 Cause Fear               Hex            10%        N/A       26%         4
 Dispel Undead            Necr           21%        3d11      26%         4
 Ice Form                 Ice/Tmut       21%        N/A       26%         4
 Leda's Liquefaction      Hex/Erth       10%        N/A       26%         4
 Olgreb's Toxic Radiance  Pois           21%        N/A       26%         4
 Petrify                  Tmut/Erth      21%        N/A       26%         4
 Storm Form               Tmut/Air       38%        N/A       43%         7
 Agony                    Necr           21%        N/A       54%         5
 Blade Hands              Tmut           10%        N/A       54%         5
 Excruciating Wounds      Necr           10%        N/A       54%         5
 Manifold Assault         Tloc           21%        N/A       54%         5
 Metabolic Englaciation   Hex/Ice        10%        N/A       54%         5
 Summon Forest            Summ/Tloc      10%        N/A       54%         5
 Summon Mana Viper        Hex/Summ       21%        N/A       54%         5
 Eringya's Noxious Bog    Tmut/Pois      10%        N/A       98%         6
 Invisibility             Hex            10%        N/A       98%         6
 Simulacrum               Ice/Necr       10%        N/A       98%         6
 Summon Cactus Giant      Summ           10%        N/A       98%         6
 Dragon Form              Tmut           10%        N/A       100%        7
 Ozocubu's Refrigeration  Ice            10%        4d7       100%        7
 Summon Hydra             Summ           10%        N/A       100%        7
 Discord                  Hex            10%        N/A       100%        8
 Dragon's Call            Summ           10%        N/A       100%        9


Dungeon Overview and Level Annotations

Branches:
Dungeon (15/15)            Temple (0/1) D:4            Lair (6/6) D:10
 Shoals (4/4) Lair:4        Snake (4/4) Lair:3        Slime (0/5) Lair:6
    Orc (2/2) D:10            Elf (3/3) Orc:2        Vaults (4/5) D:13
  Crypt (0/3) Vaults:2     Depths (0/4) D:15         WizLab (1/1)

Shops:
D:2 ?   D:3 [   D:13 (   D:15 =((?   Orc:2 :[:(   Elf:1 :   Elf:3 (
Shoals:1 !   Shoals:2 *   Shoals:3 (   Snake:1 ?   Snake:4 [

Portals:
Abyss: Lair:6


Innate Abilities, Weirdness & Mutations

Your attributes grow dramatically as you level up.
You have an increased reservoir of magic. (+10% MP)
You shall have no god before yourself.


Message History

The living spell casts itself at you. Something smites you!
The living spell casts itself at you. Something smites you!
* * * LOW HITPOINT WARNING * * *
The living spell casts itself at you. Something smites you!
* * * LOW HITPOINT WARNING * * *
You feel much better.
You block the walking divine tome's attack.
The walking divine tome erupts in a flurry of living spells!
The living spell casts itself at you. Something smites you!
* * * LOW HITPOINT WARNING * * *
The living spell casts itself at you. Something smites you!
* * * LOW HITPOINT WARNING * * *
The living spell casts itself at you. Something smites you!
* * * LOW HITPOINT WARNING * * *
You feel much better.
The rakshasa blinks!
The walking divine tome erupts in a flurry of living spells!
The walking divine tome hits you but does no damage.
The living spell casts itself at you. Something smites you!
* * * LOW HITPOINT WARNING * * *
The living spell casts itself at you. Something smites you!
* * * LOW HITPOINT WARNING * * *
Okay, then.
The walking divine tome misses you.
The +1 war axe of venom hits you but does no damage.
The walking divine tome hits you!
* * * LOW HITPOINT WARNING * * *
The living spell casts itself at you. Something smites you!
* * * LOW HITPOINT WARNING * * *
The living spell casts itself at you. Something smites you!
You die...

##### ##### ###
#@;∩######
##...#;()#..)##
#....*R(..))).##
..###..(..###..##
###...#####''#
###'### #)).#
#...# ##..###
#..... ##..###
##..... ##.).##
##.(...###...##
..(.. ##(..##


You could see 2 walking divine tomes, a rakshasa, 3 dancing weapons and a living
smiting commandment (summoned).

Vanquished Creatures
  Bai Suzhen (Vaults:3)
  Saint Roka (Snake:2)
  Nikola (Shoals:4)
  2 deep elf blademasters (Elf:3)
  Asterion (Snake:4)
  2 deep elf master archers (Elf:3)
  Kirke (Shoals:4)
  15 nagarajas (Snake:4)
  2 tengu reavers
  Donald (Elf:2)
  Ilsuiw (Shoals:4)
  9 deep elf sorcerers
  6 vault wardens
  An orc warlord (Vaults:2)
  3 deep elf elementalists (Elf:3)
  Aizul (Snake:2)
  6 very ugly things
  13 ironbound preservers
  2 war gargoyles
  The ghost of Qohum the Carver, a journeyman DrGl of Cheibriados (D:14)
  An entropy weaver (Vaults:2)
  10 deep elf demonologists
  7 deep elf annihilators
  11 dire elephants
  A crystal guardian (Vaults:3)
  7 deep elf death magi
  Snorg (Lair:6)
  8 merfolk javelineers
  13 merfolk impalers
  6 rakshasas
  10 yaktaur captains
  3 salamander tyrants
  3 deep elf high priests (Elf:3)
  2 great orbs of eyes
  9 hydras
  5 vault guards
  An ice dragon (D:14)
  7 ironbound thunderhulks
  Harold (Orc:1)
  A catoblepas (Lair:2)
  An ogre mage (Vaults:3)
  13 naga warriors
  4 death knights
  10 boulder beetles
  8 anacondas
  7 ironbound frosthearts
  2 peacekeepers
  8 centaur warriors
  4 merfolk avatars
  3 merfolk aquamancers
  2 alligator snapping turtles
  A satyr (Shoals:3)
  37 dancing weapons
  10 two-headed ogres
  7 death yaks (D:10)
  5 orc high priests (Orc:2)
  3 shock serpents
  Nergalle (D:11)
  6 hell knights (D:11)
  17 deep elf knights
  10 naga sharpshooters
  3 thrashing horrors
  Sonja (Lair:5)
  A sun demon (D:13)
  10 skeletal warriors
  6 salamander mystics
  A glowing orange brain (Vaults:1)
  36 deep trolls
  A flayed ghost (D:15)
  16 sea snakes
  An obsidian statue (D:13)
  A deep troll (shapeshifter) (Elf:3)
  12 naga ritualists
  10 deep elf archers
  10 wizards
  9 ironbound convokers
  13 lindwurms
  30 deep elf zephyrmancers
  A phantasmal warrior (Vaults:2)
  19 harpies
  16 orc knights
  4 mana vipers
  36 deep elf pyromancers
  3 necromancers
  A fire giant zombie (D:15)
  4 orc sorcerers
  11 manticores
  7 fauns
  2 large abominations
  20 salamanders
  23 ugly things
  14 elephants
  7 human skeletons (Vaults:2)
  12 cyclopes
  5 merfolk sirens
  9 guardian serpents
  15 naga magi
  A rust devil (D:13)
  4 smoke demons
  50 black mambas
  3 gargoyles
  3 frost giant skeletons (Vaults:2)
  9 water nymphs
  A torpor snail (Lair:6)
  13 vault sentinels
  2 orange demons (D:13)
  4 rime drakes
  11 cane toads
  3 kobold demonologists (D:13)
  A yaktaur (shapeshifter) (D:15)
  29 yaktaurs
  2 spriggan zombies (D:15)
  2 unseen horrors (D:13)
  An efreet (D:14)
  10 komodo dragons
  2 ice devils (D:14)
  10 trolls
  3 yaktaur skeletons (Vaults:2)
  4 polar bears (Lair:5)
  2 ancient zymes (Lair:6)
  38 merfolk
  2 hornets (shapeshifter)
  10 wind drakes
  A hornet (D:8)
  Grinder (D:6)
  11 snapping turtles
  17 dream sheep
  27 blink frogs
  31 slime creatures
  A meliai zombie (D:10)
  2 shadows
  2 air elementals
  2 tarantellas (Vaults:2)
  2 redbacks (Vaults:2)
  A spriggan (Lair:6)
  2 vampires
  2 ynoxinuls
  6 wraiths
  7 centaur simulacra (D:14)
  14 water elementals
  43 yaks
  3 wyverns
  3 fire elementals
  11 vampire mosquitoes
  5 basilisks
  A steam dragon (D:9)
  4 wargs
  40 nagas
  A human zombie (D:15)
  An acid dragon (D:12)
  10 water moccasins
  An ogre skeleton (Vaults:2)
  7 hell hounds (D:11)
  54 orc warriors
  A meliai simulacrum (D:14)
  2 black bears
  The ghost of slavik159 the Chopper, an amateur HOMo (D:3)
  A hornet zombie (D:6)
  A sky beast (D:8)
  A necrophage (D:7)
  6 wolves (Lair:2)
  7 ogres
  2 phantoms
  19 centaurs
  5 kobold brigands
  6 bullfrogs
  An earth elemental (Elf:1)
  3 scorpions
  2 gnoll sergeants
  9 small abominations
  A hornet simulacrum (D:14)
  13 killer bees
  4 wights (D:7)
  4 howler monkeys
  2 crimson imps (D:13)
  2 quasits (D:13)
  7 centaur zombies
  3 hounds
  36 orc priests
  2 bullfrog skeletons
  6 centaur skeletons
  2 gnoll shamans
  An iron imp (D:13)
  4 iguanas
  Ijyb (D:4)
  6 hell rats (Lair:6)
  24 orc wizards
  A killer bee zombie (D:7)
  8 adders
  19 gnolls
  3 shadow imps (D:13)
  A white imp (D:6)
  An ufetubus (D:13)
  An adder skeleton (D:4)
  4 worms
  A worm (shapeshifter) (Lair:6)
  2 dart slugs
  116 orcs
  6 bats
  7 endoplasms
  A giant cockroach (D:1)
  7 goblins
  8 hobgoblins
  3 jackals (D:4)
  4 quokkas
  3 training dummies (Shoals:3)
  4 ball pythons
  A frilled lizard (D:1)
  18 kobolds
  4 rats
  2 ball lightnings
  A butterfly (Lair:6)
1650 creatures vanquished.

Vanquished Creatures (collateral kills)
  A yak (Lair:6)
  15 ball lightnings
16 creatures vanquished.

Vanquished Creatures (others)
  A deep elf zephyrmancer (Elf:1)
  A snapping turtle (Shoals:4)
  3 humans (Shoals:4)
  261 ball lightnings
  283 foxfires
  52 fungi
  231 plants
  5 withered plants (D:15)
837 creatures vanquished.

Grand Total: 2503 creatures vanquished

Notes
Turn   | Place    | Note
-------+----------+-------------------------------------------
     0 | D:1      | Gather the Demigod Fire Elementalist began the quest for
                  | the Orb.
     0 | D:1      | Reached XP level 1. HP: 14/14 MP: 5/5
    84 | D:1      | Reached skill level 1 in Conjurations
   321 | D:1      | Reached XP level 2. HP: 20/20 MP: 2/7
   441 | D:1      | Learned a level 2 spell: Scorch
  1470 | D:2      | Reached XP level 3. HP: 23/26 MP: 5/8
  2395 | D:2      | Found Pirphav's Magic Scroll Shop.
  2396 | D:2      | Upgraded the game from 0.28-a0-518-g36894cfc38 to
                  | 0.28-a0-528-g4b98be1b05
  2403 | D:2      | Bought a scroll of teleportation for 42 gold pieces
  3089 | D:3      | Found a transporter.
  3103 | D:3      | Reached XP level 4. HP: 33/33 MP: 5/9
  3414 | D:3      | Learned a level 3 spell: Conjure Flame
  3582 | D:3      | Found a transporter.
  3588 | D:3      | Noticed a gnoll sergeant
  3681 | D:3      | Noticed slavik159's ghost (amateur HOMo)
  3932 | D:3      | Found Detuuf's Antique Armour Shop.
  4089 | D:4      | Noticed a phantom
  4096 | D:4      | Killed a phantom
  4097 | D:4      | Reached skill level 1 in Fighting
  4097 | D:4      | Reached skill level 1 in Armour
  4097 | D:4      | Reached XP level 5. HP: 37/40 MP: 0/10
  4704 | D:4      | Reached XP level 6. HP: 48/48 MP: 9/11
  4789 | D:4      | Found a staircase to the Ecumenical Temple.
  4838 | D:4      | Noticed Ijyb
  4847 | D:4      | Killed Ijyb
  5337 | D:5      | Entered Level 5 of the Dungeon
  5590 | D:5      | Identified the +0 kite shield of Kenigeaf {Will+ Str+4}
  5724 | D:5      | Reached XP level 7. HP: 50/56 MP: 4/13
  5832 | D:5      | Learned a level 4 spell: Flame Wave
  5902 | D:5      | Reached skill level 5 in Fire Magic
  6743 | D:6      | Noticed a troll
  6763 | D:6      | Killed a troll
  6860 | D:6      | Reached skill level 5 in Conjurations
  6860 | D:6      | Reached XP level 8. HP: 57/62 MP: 2/14
  7138 | D:6      | Upgraded the game from 0.28-a0-528-g4b98be1b05 to
                  | 0.28-a0-533-g9f97627e2a
  8435 | D:6      | Noticed Grinder
  8487 | D:6      | Killed Grinder
  9075 | D:7      | Reached XP level 9. HP: 64/68 MP: 11/16
 10223 | D:7      | Learned a level 3 spell: Inner Flame
 10685 | D:8      | Reached skill level 5 in Armour
 11559 | D:8      | Reached skill level 1 in Shields
 12768 | D:9      | Reached XP level 10. HP: 52/77 MP: 8/18
 13661 | D:10     | Entered Level 10 of the Dungeon
 13665 | D:10     | Noticed a death yak
 13667 | D:10     | Found a staircase to the Lair.
 13671 | D:10     | Noticed a death yak
 13672 | D:10     | Noticed a death yak
 13673 | D:10     | Noticed a death yak
 13673 | D:10     | Noticed a death yak
 13676 | D:10     | Noticed a death yak
 13676 | D:10     | Killed a death yak
 14337 | D:10     | Noticed a death yak
 14350 | D:10     | Killed a death yak
 14351 | D:10     | Reached skill level 1 in Short Blades
 14574 | D:10     | Killed a death yak
 14577 | D:10     | Killed a death yak
 15200 | D:10     | Killed a death yak
 15201 | D:10     | Reached skill level 5 in Stealth
 15204 | D:10     | Killed a death yak
 15205 | D:10     | Reached XP level 11. HP: 22/85 MP: 0/21
 16130 | D:10     | Noticed a two-headed ogre
 16140 | D:10     | Killed a two-headed ogre
 16451 | D:10     | Found a staircase to the Orcish Mines.
 16655 | D:10     | Killed a death yak
 16827 | D:10     | Upgraded the game from 0.28-a0-533-g9f97627e2a to
                  | 0.28-a0-536-g4f1c8046e5
 16837 | Lair:1   | Entered Level 1 of the Lair of Beasts
 16997 | D:3      | Bought a shiny troll leather armour for 432 gold pieces
 17173 | Lair:1   | Reached skill level 10 in Fire Magic
 17433 | D:2      | Bought a scroll of blinking for 105 gold pieces
 17960 | Lair:1   | Noticed a seven-headed hydra
 17991 | Lair:1   | Killed a seven-headed hydra
 18747 | Lair:2   | Reached skill level 5 in Shields
 19227 | Lair:2   | Identified the ring of Doors {Fire Fly rElec Int+4 Dex-4}
 19895 | Lair:2   | Got the Catalogue of Gliding Hexes
 20050 | Lair:2   | Noticed a catoblepas
 20067 | Lair:2   | Killed a catoblepas
 20068 | Lair:2   | Reached XP level 12. HP: 92/92 MP: 9/22
 20255 | Lair:3   | Upgraded the game from 0.28-a0-536-g4f1c8046e5 to
                  | 0.28-a0-544-g207b005307
 20867 | Lair:3   | Found a staircase to the Snake Pit.
 21409 | Lair:3   | Learned a level 4 spell: Sticky Flame
 22212 | Lair:3   | Upgraded the game from 0.28-a0-544-g207b005307 to
                  | 0.28-a0-561-gc72452776e
 22298 | Lair:4   | Reached skill level 1 in Evocations
 22435 | Lair:4   | Reached skill level 5 in Fighting
 22652 | Lair:4   | Found a staircase to the Shoals.
 23992 | Lair:5   | Noticed a boulder beetle
 24042 | Lair:5   | Killed a boulder beetle
 24088 | Lair:5   | Noticed Sonja
 24173 | Lair:5   | Upgraded the game from 0.28-a0-561-gc72452776e to
                  | 0.28-a0-563-gf77a47075d
 24176 | Lair:5   | Killed Sonja
 24236 | Lair:5   | Reached skill level 5 in Spellcasting
 24317 | Lair:5   | Found a transporter.
 24318 | Lair:5   | Noticed a boulder beetle
 24319 | Lair:5   | Found a transporter.
 24319 | Lair:5   | Noticed a boulder beetle
 24319 | Lair:5   | Noticed a boulder beetle
 24908 | Lair:6   | Entered Level 6 of the Lair of Beasts
 24919 | Lair:6   | Noticed a six-headed hydra
 24925 | Lair:6   | Killed a six-headed hydra
 25133 | Lair:6   | Reached XP level 13. HP: 76/101 MP: 17/24
 25133 | Lair:6   | Noticed Snorg
 25148 | Lair:6   | Reached skill level 10 in Conjurations
 25155 | Lair:6   | Killed Snorg
 25157 | Lair:6   | Paralysed by a hornet for 2 turns
 27866 | Lair:6   | Found a one-way gate to the infinite horrors of the Abyss.
 27878 | Lair:6   | Identified the amulet "Jurenipp" {Reflect Rampage rCorr
                  | Int+4 SH+5}
 28750 | Lair:6   | Found a staircase to the Slime Pits.
 28877 | Lair:6   | Reached skill level 5 in Evocations
 29613 | Lair:6   | Upgraded the game from 0.28-a0-563-gf77a47075d to
                  | 0.28-a0-565-g7719699fd9
 29775 | Orc:1    | Entered Level 1 of the Orcish Mines
 29785 | Orc:1    | Noticed Harold
 29798 | Orc:1    | Killed Harold
 30027 | Orc:1    | Reached XP level 14. HP: 101/107 MP: 19/28
 30917 | Orc:2    | Entered Level 2 of the Orcish Mines
 30956 | Orc:2    | Found a staircase to the Elven Halls.
 32233 | Orc:2    | Reached skill level 1 in Long Blades
 32579 | Orc:2    | Found Huehigose's Antique Armour Shop.
 32579 | Orc:2    | Found Istrih's Book Shop.
 32580 | Orc:2    | Found Lirotee's Weapon Shop.
 32580 | Orc:2    | Found Dorph's Book Boutique.
 32601 | Orc:2    | Bought a book of the Spheres for 702 gold pieces
 32607 | Orc:2    | Learned a level 5 spell: Fireball
 32612 | Orc:2    | Learned a level 4 spell: Airstrike
 32783 | D:11     | Reached skill level 1 in Air Magic
 35184 | D:11     | Noticed Nergalle
 36097 | Orc:2    | Bought a smelly ring mail for 243 gold pieces
 36097 | Orc:2    | Identified the +0 ring mail "Ynyr Tar" {rPois Will+ Str+4}
                  | (You bought it in a shop on level 2 of the Orcish Mines)
 36305 | D:12     | Reached skill level 5 in Air Magic
 36536 | D:12     | Upgraded the game from 0.28-a0-565-g7719699fd9 to
                  | 0.28-a0-578-g717728bcc0
 37630 | D:12     | Learned a level 2 spell: Blink
 37976 | D:13     | Reached XP level 15. HP: 115/115 MP: 16/31
 39044 | D:13     | Found a gate to the Vaults.
 39738 | D:13     | Found Erul's Weapon Shoppe.
 40610 | Orc:2    | Bought the Unrestrained Analects for 528 gold pieces
 40619 | Orc:2    | Learned a level 8 spell: Ignition
 41078 | D:14     | Noticed Qohum's ghost (journeyman DrGl)
 41238 | D:14     | Found a runed translucent gate.
 41238 | D:14     | Found a runed translucent gate.
 41238 | D:14     | Found a runed translucent gate.
 42106 | D:14     | Upgraded the game from 0.28-a0-578-g717728bcc0 to
                  | 0.28-a0-586-gbdb9d174a4
 42151 | D:15     | Entered Level 15 of the Dungeon
 42403 | D:15     | Found Kaul's Antique Weapon Shoppe.
 42438 | D:15     | Found Imuaq's Jewellery Boutique.
 42572 | D:15     | Found Tiuc's Weapon Shoppe.
 42607 | D:15     | Found Xauwkips's Magic Scroll Shop.
 42980 | D:15     | Found a staircase to the Depths.
 43670 | D:15     | Upgraded the game from 0.28-a0-586-gbdb9d174a4 to
                  | 0.28-a0-592-g6fc52098c6
 43863 | Snake:1  | Entered Level 1 of the Snake Pit
 44212 | Snake:1  | Reached skill level 10 in Air Magic
 44879 | Snake:1  | Found Raop's Magic Scroll Shoppe.
 45599 | Snake:2  | Noticed Aizul
 45606 | Snake:2  | Killed Aizul
 45779 | Snake:2  | Reached XP level 16. HP: 122/122 MP: 26/32
 47525 | Snake:2  | Noticed Saint Roka
 47555 | Snake:2  | Killed Saint Roka
 49479 | Snake:3  | Learned a level 6 spell: Conjure Ball Lightning
 51710 | Snake:4  | Entered Level 4 of the Snake Pit
 52031 | Snake:4  | Noticed Asterion
 52205 | Snake:4  | Killed Asterion
 52413 | Snake:3  | Upgraded the game from 0.28-a0-592-g6fc52098c6 to
                  | 0.28-a0-604-g249bb1af34
 54494 | Snake:4  | Reached XP level 17. HP: 128/128 MP: 28/34
 56131 | Snake:4  | Got a serpentine rune of Zot
 56214 | Snake:4  | Reached skill level 15 in Air Magic
 56420 | Snake:4  | Found Pitakuuth's Antique Armour Boutique.
 56807 | Snake:4  | Reached skill level 10 in Spellcasting
 57632 | D:3      | Killed slavik159's ghost
 58395 | D:11     | Killed Nergalle
 58436 | D:12     | Upgraded the game from 0.28-a0-604-g249bb1af34 to
                  | 0.28-a0-616-gdeb3d7f7b4
 58641 | Shoals:1 | Entered Level 1 of the Shoals
 59621 | Orc:2    | Bought a book of the Sky for 528 gold pieces
 59630 | Orc:2    | Learned a level 8 spell: Maxwell's Capacitive Coupling
 60175 | Shoals:1 | Found Vulogg's Distillery.
 60329 | Shoals:2 | Found Livaziv's Luxury Loot.
 62248 | Shoals:2 | Upgraded the game from 0.28-a0-616-gdeb3d7f7b4 to
                  | 0.28-a0-622-gbaef9634d7
 62255 | Shoals:2 | Reached skill level 10 in Armour
 62752 | Shoals:3 | Identified a scroll of acquirement
 63417 | Shoals:3 | Found Adiubro's Firing Range.
 63661 | Shoals:3 | Identified the +1 leather armour of the Serpent {Fly rElec
                  | rC- Will+++}
 64493 | Shoals:4 | Entered Level 4 of the Shoals
 64570 | Shoals:4 | Noticed Ilsuiw
 65753 | Shoals:4 | Reached XP level 18. HP: 135/135 MP: 25/37
 65873 | Shoals:3 | Learned a level 8 spell: Ignition
 66555 | D:14     | Killed Qohum's ghost
 66717 | D:14     | Identified the ring of Zadim {*Slow rPois rF+ Int+4 Slay-3}
 66723 | D:14     | Identified the +1 pair of gloves of the Stone Wall {Rampage
                  | +Blink Slay-3}
 67413 | Shoals:4 | Noticed Kirke
 68489 | Shoals:4 | Killed Kirke
 68534 | Shoals:4 | Reached skill level 15 in Fire Magic
 68601 | Shoals:4 | Identified the +6 war axe of Iffet {elec, MP+9 Dex+3}
 69181 | Shoals:4 | Noticed Nikola
 69336 | Shoals:4 | Killed Nikola
 70524 | Shoals:4 | Killed Ilsuiw
 71277 | Shoals:4 | Got a barnacled rune of Zot
 71329 | Shoals:4 | Got the Volume of Attacks
 71393 | Shoals:4 | Upgraded the game from 0.28-a0-622-gbaef9634d7 to
                  | 0.28-a0-627-g4e9751bbfc
 71611 | Elf:1    | Entered Level 1 of the Elven Halls
 71620 | Elf:1    | Found a frozen archway.
 73204 | Elf:1    | Found Kiucsei's Book Shoppe.
 73465 | Elf:1    | Paralysed by an air elemental for 1 turns
 74255 | Elf:2    | Found a runed translucent gate.
 74255 | Elf:2    | Found a runed translucent gate.
 74255 | Elf:2    | Found a runed translucent gate.
 74885 | Elf:2    | Identified the ring "Cucs" {rF+ Int+6}
 75440 | Elf:2    | Noticed Donald
 75444 | Elf:2    | Killed Donald
 75999 | Elf:2    | Reached XP level 19. HP: 141/141 MP: 27/38
 76618 | Elf:3    | Entered Level 3 of the Elven Halls
 76677 | Elf:3    | Found Zehuf's Weapon Shop.
 77374 | D:12     | Identified the +4 scale mail of the Foremost Eyes {rN+
                  | Int+3}
 77782 | Elf:3    | Got the Guide on Ensnaring Conjuration
 77783 | Elf:3    | Identified the +7 quarterstaff of Animal Spirits {flame,
                  | rN+++ rCorr Str-4 Int-4}
 77785 | Elf:3    | Identified the +8 falchion of False Hope {speed, Int+2}
 77787 | Elf:3    | Identified the +0 hat of Qudoigil {rPois rN+ Will+}
 78534 | Elf:3    | Identified the ring "Mugystrae" {Wiz Will- Str+4 Stlth+}
 79587 | Elf:3    | Identified the +3 scythe "Goesoo" {elec, Int+3}
 79587 | Elf:3    | Identified the +9 longbow of the Scorching Jester {flame,
                  | rElec rF+ Str+2 Int+2}
 79593 | Elf:3    | Identified the amulet of Vehumet's Fury {Acrobat rElec
                  | rPois}
 79716 | Elf:3    | Identified the ring "Fyisy" {Ice Will+ Stlth+} (You took it
                  | off a deep elf zephyrmancer on level 3 of the Elven Halls)
 79931 | Elf:3    | Identified the +0 ice dragon scales "Paacib" {rElec rPois
                  | rF- rC++ Will+ Slay+5}
 80439 | Elf:3    | Found Zehuf's Weapon Shop.
 82179 | Vaults:1 | Entered Level 1 of the Vaults
 83295 | Vaults:1 | Upgraded the game from 0.28-a0-627-g4e9751bbfc to
                  | 0.28-a0-630-g0357d9c091
 84566 | Vaults:1 | Reached skill level 5 in Dodging
 85287 | Vaults:1 | Reached XP level 20. HP: 113/149 MP: 13/39
 86078 | D:2      | Bought a scroll of acquirement for 728 gold pieces
 86078 | D:2      | Acquired a +0 tower shield of reflection
 86079 | D:2      | Acquired a +2 double sword of draining
 93207 | Vaults:2 | Found a staircase to the Crypt.
 95413 | Vaults:3 | Upgraded the game from 0.28-a0-630-g0357d9c091 to
                  | 0.28-a0-631-g0446da8ef9
 95421 | Vaults:3 | Reached skill level 10 in Stealth
 95810 | Vaults:3 | Noticed Bai Suzhen
 95812 | Vaults:3 | Reached XP level 21. HP: 161/161 MP: 32/41
 95815 | Vaults:3 | Killed Bai Suzhen
 96043 | Vaults:4 | Found a magical portal.
 96065 | WizLab   | Entered Tukima's Studio
 96437 | WizLab   | Reached skill level 10 in Shields
 96450 | WizLab   | HP: 4/161 [living spell/divine providence[a walking divine
                  | tome] (12)]
 96450 | WizLab   | Killed from afar by a living spell

Illustrated notes

Levels and vault maps discovered:
D:1:      dpeg_arrival_radiant, layout_loops_ring, serial_aquarium,
          aquarium_bridge_square [aquarium_subvault_window,
          aquarium_subvault_window, aquarium_subvault_bridge,
          aquarium_subvault_bridge], aquarium_bridge_square
          [aquarium_subvault_balcony, aquarium_subvault_wall,
          aquarium_subvault_bridge, aquarium_subvault_wall],
          aquarium_window_corner, aquarium_window_fake, aquarium_window_1,
          aquarium_window_2, aquarium_view_2a
D:2:      layout_basic, serial_shops, nicolae_shop_crystal,
          hellmonk_ecumenical_altar_leap_of_faith
D:3:      layout_basic, serial_shops, shop_fountains,
          gammafunk_ghost_gnarly_gnolls, grunt_ministairs_5,
          chequers_serial_rivers_micro_c
D:4:      layout_cave_pools, minmay_temple_entry_slanted, minmay_circle_x,
          uniq_ijyb
D:5:      layout_loops_cross
D:6:      layout_cave_pods, mainiacjoe_overflow_catwalk,
          kennysheep_generic_room_9, uniq_grinder
D:7:      layout_basic
D:8:      layout_basic
D:9:      layout_loops_ring, nicolae_overflow_hidden_temple,
          mainiacjoe_overflow_tiny_flanked, minmay_curled_crystal
D:10:     layout_basic, dpeg_lair_monsters, david_orc_4, st_stairs_14,
          hangedman_decor_lopped, grunt_ministairs_3, serial_park_tiny_2
D:11:     layout_irregular_city, minmay_rotating_lava, uniq_nergalle
D:12:     minmay_blocking_statues, layout_long_grid
D:13:     layout_loops_cross, hangedman_vaults_entry_quadrant_bands,
          special_room [special_room_orc], serial_shops, shop,
          hangedman_devilish_allure
D:14:     layout_irregular_city, nicolae_uskayaw_en_pointe, gammafunk_ghost_icy
D:15:     gammafunk_depths_entry_grave, layout_basic, minmay_misc_feat_x,
          serial_shops, nicolae_shop_temple_entry_statues_fountains,
          nicolae_square_shop, shop, shop
Lair:1:   layout_chaotic_city
Lair:2:   layout_layer_cave
Lair:3:   layout_layer_cave, guppyfry_snake_entry_island
Lair:4:   layout_hall_layers, minmay_shoals_entry_beasts, pond
Lair:5:   gammafunk_boulding_lane, layout_cave_pods, cheibrodos_lair_lostbears,
          uniq_sonja
Lair:6:   hellmonk_lair_end_abyssal_woods, layout_cave_pods,
          minmay_slime_entry_oklob_enclosed, lemuel_fruit_fields, uniq_snorg
Shoals:1: layout_shoals, serial_shops, nicolae_shop_statue_plus
Shoals:2: layout_shoals, nicolae_alphabet_shops
Shoals:3: layout_shoals, nicolae_shop_firing_range
Shoals:4: shoals_end_simple, layout_shoals, shoals_ilsuiw_ice, uniq_nikola,
          uniq_kirke
Snake:1:  layout_gridlike, serial_shops, shop
Snake:2:  nicolae_snake_nest, layout_chambers, uniq_aizul, uniq_saint_roka
Snake:3:  layout_onion
Snake:4:  grunt_snake_rune_spirals, layout_onion_interference, serial_shops,
          nicolae_shop_waterfront, statue_in_the_mist_lemuel, uniq_asterion
Orc:1:    layout_diamond_mine, uniq_harold
Orc:2:    st_orc_pillars, layout_diamond_mine, nicolae_orc_tapped_out
Elf:1:    layout_geoelf_grid, portal_ice_cave_entry_pillars_three, serial_shops,
          shop_fountains, hangedman_elf_represent, david_defended_altar_elf
Elf:2:    elven_hall_of_blades_hangedman_original [nicolae_blade_bullseye],
          layout_rooms, grunt_ministairs_14, drop_trap,
          hangedman_elven_crosses_minicolossus, uniq_donald
Elf:3:    grunt_elf_hall_branching, layout_gridlike, serial_shops, shop,
          minmay_checkered_concentric_circles
Vaults:1: hangedman_vaults_impose, v_misc_19, nicolae_vaults_branching_niches,
          hangedman_vaults_river_flow, vaults_dpeg_spiral,
          ontoclasm_vaults_fault, nicolae_vaults_little_squares_4,
          hangedman_vaults_nails, layout_vaults_omnigrid
Vaults:2: vaults_mumra_lcd, nicolae_vaults_network_square, v_pattern_3,
          nicolae_vaults_little_squares_1, vaults_mumra_minichess_inversion,
          vaults_room_door_hall, nicolae_vaults_rhombus_7, vaults_dpeg_cross,
          nicolae_vaults_little_squares_4, st_lines, layout_vaults_big_room,
          minmay_crypt_entry_skeletal_spiral
Vaults:3: v_alt_pattern_6, nicolae_vaults_stairing_the_circle,
          hangedman_vaults_variations, v_misc_10,
          nicolae_vaults_diagonal_hallway_9,
          nicolae_vaults_windows_and_doors_thing, v_pattern_1,
          vaults_dpeg_hooks, v_misc_24, nicolae_vaults_display_case,
          vaults_room_large_hall, ontoclasm_vaults_loading_screen,
          vaults_room_stairs_pillars, layout_vaults_omnibox, uniq_bai_suzhen
Vaults:4: ontoclasm_vaults_shuriken, ontoclasm_vaults_ring_square,
          v_alt_pattern_2, vaults_dpeg_doors, nicolae_vaults_sealed_display,
          grunt_vaults_hallway_short, vaults_dpeg_encased_lava,
          grunt_vaults_twisty, nicolae_vaults_three_branches,
          ontoclasm_vaults_ligature, layout_vaults_ring, serial_shops,
          nicolae_square_shop, infiniplex_enter_wizlab_water
WizLab:   wizlab_tukima

Skill      XL: |  1  2  3  4  5  6  7  8  9 10 11 12 13 14 15 16 17 18 19 20 21 |
---------------+----------------------------------------------------------------+-----
Conjurations   | 1 2 5 7 8 9 10 11 12 13 | 13.8
Fire Magic     | 3 4 5 7 8 9 10 11 12 14 16 18 | 18.7
Fighting       | 1 2 3 4 5 6 8 |  8.2
Armour         | 1 2 5 6 7 8 10 11 14 | 14.0
Stealth        | 2 3 5 6 7 8 10 | 10.1
Spellcasting   | 2 3 4 5 6 7 8 10 | 10.4
Shields        | 1 3 6 8 9 10 | 10.0
Dodging        | 3 4 5 7 |  7.3
Short Blades   | 2 3 |  3.5
Evocations     | 2 5 6 |  6.0
Long Blades    | 1 4 |  4.9
Air Magic      | 7 11 14 16 17 18 | 18.3

Action                   |  1- 3 |  4- 6 |  7- 9 | 10-12 | 13-15 | 16-18 | 19-21 || total
-------------------------+-------+-------+-------+-------+-------+-------+-------++-------
Melee: Unarmed           |     5 |       |       |       |       |       |       ||     5
       Dagger            |    10 |     3 |       |       |    41 |     5 |    19 ||    78
       Whip              |     4 |       |       |       |       |       |       ||     4
       Short sword       |       |       |    15 |    18 |    40 |       |       ||    73
       Long sword        |       |       |       |       |    16 |    49 |    70 ||   135
       Double sword      |       |       |       |       |       |       |   153 ||   153
Throw: Dart              |       |       |       |     3 |     3 |     7 |       ||    13
 Cast: Foxfire           |    42 |    34 |    53 |    15 |    21 |       |       ||   165
       Scorch            |    35 |    47 |   130 |   170 |   155 |     1 |       ||   538
       Conjure Flame     |       |     1 |    16 |    31 |     3 |     1 |       ||    52
       Flame Wave        |       |       |     9 |    81 |   167 |   100 |    82 ||   439
       Airstrike         |       |       |       |       |    73 |   163 |   202 ||   438
       Fireball          |       |       |       |       |   186 |   365 |   127 ||   678
       Conjure Ball Ligh |       |       |       |       |       |   114 |     7 ||   121
       Ignition          |       |       |       |       |       |    18 |    58 ||    76
       Maxwell's Capacit |       |       |       |       |       |     9 |    21 ||    30
Evoke: Wand              |       |       |     1 |    14 |    23 |     4 |    10 ||    52
       Lightning rod     |       |       |       |       |     4 |     4 |     8 ||    16
       Box of beasts     |       |       |       |       |       |       |     1 ||     1
  Use: Scroll            |     5 |     5 |     8 |     9 |    14 |    11 |     4 ||    56
       Potion            |       |       |       |     1 |     5 |     7 |     5 ||    18
 Stab: Sleeping          |     3 |       |     1 |     7 |    10 |     7 |     8 ||    36
       Distracted        |       |       |       |       |       |     1 |     3 ||     4
       Paralysed         |       |       |       |       |       |       |     4 ||     4
Armor: Robe              |     3 |       |       |       |       |       |       ||     3
       Leather armour    |       |     3 |     4 |       |       |       |       ||     7
       Ring mail         |       |       |    11 |    17 |     7 |    49 |       ||    84
       Troll leather arm |       |       |       |    34 |   170 |    81 |     8 ||   293
       Ice dragon scales |       |       |       |       |       |       |   209 ||   209
Dodge: Dodged            |    35 |    17 |    85 |    98 |   232 |   134 |   152 ||   753
Block: Kite shield       |       |       |       |    48 |   327 |   307 |   348 ||  1030
       Reflection        |       |       |       |       |    60 |    52 |    32 ||   144

Table legend: (Time is in decaauts)
 A = Elapsed time spent in this place.
 B = Non-inter-level travel time spent in this place.
 C = Inter-level travel time spent in this place.
 D = Time resting spent in this place.
 E = Time spent auto-exploring this place.
 F = Levels seen in this place.
 G = Mean time per level.
                   A        B        C        D        E       F      G
               +--------+--------+--------+--------+--------+-----+--------+
         Total |  96872 |  87233 |   9639 |  27877 |  43890 |  39 | 2483.9 |
       Dungeon |  32788 |  28100 |   4688 |   6581 |  16558 |  15 | 2185.9 |
          Lair |  13557 |  11871 |   1686 |   3065 |   6574 |   6 | 2259.5 |
        Shoals |  10779 |  10230 |    549 |   4964 |   3649 |   4 | 2694.8 |
     Snake Pit |  13993 |  13117 |    876 |   5636 |   5484 |   4 | 3498.2 |
  Orcish Mines |   3839 |   3050 |    789 |    656 |   1532 |   2 | 1919.5 |
   Elven Halls |   8497 |   8017 |    480 |   1966 |   4709 |   3 | 2832.3 |
        Vaults |  13033 |  12464 |    569 |   4853 |   5295 |   4 | 3258.2 |
        Wizlab |    384 |    384 |      0 |    156 |     89 |   1 |  384.0 |
               +--------+--------+--------+--------+--------+-----+--------+

Top non-repeatable levels by time:
Vaults:1: 6796 daAuts
Shoals:3: 5057 daAuts
    D:11: 4220 daAuts
 Snake:4: 4149 daAuts
Vaults:2: 4086 daAuts
 Snake:2: 3818 daAuts
    D:10: 3742 daAuts
  Lair:5: 3691 daAuts
    D:13: 3531 daAuts
   Elf:2: 3434 daAuts
 Snake:3: 3331 daAuts
   Elf:3: 3018 daAuts
 Snake:1: 2694 daAuts
   Orc:2: 2649 daAuts
     D:9: 2598 daAuts
